 Dungeon Crawl Stone Soup version 0.29-a0-356-g7bc237e783 (webtiles) character file.

Game seed: 15175507544193716961

52 enile the Chiller (level 3, -1/26 HPs)
             Began as a Demigod Ice Elementalist on Apr 26, 2022.
             Slain by a hobgoblin (2 damage)
             ... on level 2 of the Dungeon.
             The game lasted 00:01:33 (1817 turns).

enile the Chiller (Demigod Ice Elementalist)        Turns: 1817, Time: 00:01:34

Health: -1/26      AC:  2    Str:  9    XL:     3   Next: 39%
Magic:  8/8        EV:  9    Int: 21    God:
Gold:   42         SH:  0    Dex: 14    Spells: 1/5 levels left

rFire   . . .      SeeInvis .   k - +0 broad axe
rCold   . . .      Faith    .   (no shield)
rNeg    + . .      Spirit   .   a - +0 robe
rPois   .          Reflect  .   (no helmet)
rElec   .          Harm     .   (no cloak)
rCorr   .          Rampage  .   (no gloves)
Will    .....                   (no boots)
Stlth   ++........              (no amulet)
HPRegen 0.08/turn               h - ring of positive energy
MPRegen 0.11/turn               (no ring)

@: attractive, constricted
A: high MP 1, forlorn, divine attributes
a: no special abilities


You were on level 2 of the Dungeon.
You visited 1 branch of the dungeon, and saw 2 of its levels.

You collected 42 gold pieces.

Inventory:

Hand Weapons
 j - a +0 dagger
 k - a +0 broad axe (weapon)
Armour
 a - a +0 robe (worn)
Jewellery
 h - a ring of positive energy (left hand)
Scrolls
 e - a scroll of summoning {unknown}
 g - 2 scrolls of fog {unknown}
 i - 2 scrolls of identify {unknown}
Potions
 b - a potion of magic
 f - a potion of ambrosia {unknown}


   Skills:
 - Level 1.7 Dodging
 - Level 1.7 Stealth
 - Level 1.7 Spellcasting
 + Level 4.9 Ice Magic


You had one spell level left.
You knew the following spells:

 Your Spells              Type           Power      Damage    Failure   Level
a - Freeze                Ice            88%        1d10      1%          1
b - Frozen Ramparts       Ice            44%        1d6       6%          3

Your spell library contained the following spells:

 Spells                   Type           Power      Damage    Failure   Level
 Ozocubu's Armour         Ice            22%        N/A       6%          3
 Hailstorm                Conj/Ice       12%        3d5       50%         4


Dungeon Overview and Level Annotations

Branches:
Dungeon (2/15)


Innate Abilities, Weirdness & Mutations

You have an increased reservoir of magic. (+10% MP)
You shall have no god before yourself.
Your divine heritage dramatically boosts your attributes as you level up.


Message History

Magic restored.
Done exploring.
Done exploring.
You climb downwards.
The bat hits you but does no damage. The endoplasm closely misses you.
The hobgoblin hits you. The hobgoblin closely misses you.
There is a stone staircase leading up here.
The bat hits you. x2; The endoplasm barely misses you.
The hobgoblin hits you but does no damage.
The hobgoblin barely misses you. The ball python barely misses you.
The ball python grabs you.
You stop ascending the stairs.
The ball python constricts you.
You barely miss the ball python. You slash the endoplasm!
You kill the endoplasm!
You hit the hobgoblin. You hit the bat.
You kill the bat!
You closely miss the hobgoblin. The bat hits you but does no damage.
The ball python bites you. The ball python constricts you.
The hobgoblin barely misses you. The hobgoblin hits you.
The ball python barely misses you. The ball python constricts you.
The hobgoblin hits you. x2
As you read the scroll labelled OKHIEG FUTA, it crumbles to dust.
You feel aware of your surroundings.
You sensed 1 altar, and 1 shop/portal.
It was a scroll of magic mapping.
The bat hits you but does no damage. The ball python bites you.
* * * LOW HITPOINT WARNING * * *
The ball python constricts you.
The hobgoblin hits you but does no damage.
The hobgoblin hits you.
* * * LOW HITPOINT WARNING * * *
It was a potion of attraction.
You feel attractive to monsters. The bat hits you but does no damage.
The giant cockroach waves its antennae.
The ball python bites you.
* * * LOW HITPOINT WARNING * * *
The ball python constricts you. The hobgoblin hits you.
* * * LOW HITPOINT WARNING * * *
The hobgoblin hits you.
You die...

*,* *,,w..,,....,**#**,,,,,,,,,
*,* **,,,..,*...#,,.##,,,,,>,,,,
*,****,>,,#.##.#.###..,,*,,,,,,,,
*,,,,,..,,#)#..#.#...,,**,,,,,,,,
,,,,,,....#(..##.#.###,,,,,,,,,,,
*,,,,................#***,,,,,,,,
,,,,,.....#.#..b.....# ****,,***
*,,,,.$..*#....g†....###****,,,,,
*,,,,.......#..S@g......,,,,,****
*,,,,..............#####****,* *
,****.,#######....B.# *** ,*
*,,,* ###....# ,* *,,,*
#....#**** ,***,,**
#.....,,,******** ,,,,,,*
****#...#..,,,,,*,,,** ,,*,,,*
*,,,.....###,,,,,,,,,*
,**,,,******,,,,,,,,**,,,,,,,,,,,


You could see a giant cockroach, 2 hobgoblins, a bat and a ball python.

Vanquished Creatures
  A gnoll (D:1)
  2 dart slugs (D:1)
  4 endoplasms
  3 giant cockroaches (D:1)
  2 goblins
  4 hobgoblins (D:1)
  6 jackals (D:1)
  2 kobolds (D:1)
  A ball python (D:1)
  3 bats
  A frilled lizard (D:1)
  4 rats (D:1)
33 creatures vanquished.

Vanquished Creatures (others)
  A plant (D:1)
1 creature vanquished.

Grand Total: 34 creatures vanquished

Notes
Turn   | Place    | Note
-------+----------+-------------------------------------------
     0 | D:1      | enile the Demigod Ice Elementalist began the quest for the
                  | Orb.
     0 | D:1      | Reached XP level 1. HP: 14/14 MP: 5/5
   172 | D:1      | Reached skill level 4 in Ice Magic
   388 | D:1      | Reached XP level 2. HP: 19/20 MP: 5/7
   893 | D:1      | Reached XP level 3. HP: 16/26 MP: 3/8
   897 | D:1      | Learned a level 3 spell: Frozen Ramparts
  1817 | D:2      | HP: 1/26 [hobgoblin (3)]
  1817 | D:2      | Slain by a hobgoblin

Illustrated notes

Levels and vault maps discovered:
D:1:      lemuel_arrival_cross, layout_basic, serial_forest,
          infiniplex_forest_clump_cross, infiniplex_forest_end_2,
          infiniplex_forest_straight_4, infiniplex_forest_clump_C,
          infiniplex_forest_straight_1, infiniplex_forest_end_2,
          infiniplex_forest_straight_4, corexii_leaking_fountain
D:2:      layout_rooms, serial_shops, shop, shapermc_ecumenical_altar_ellora

Skill      XL: |  1 |
---------------+----+-----
Ice Magic      | 4 |  4.9
Dodging        | |  1.7
Stealth        | |  1.7
Spellcasting   | |  1.7

Action                   || total
-------------------------++-------
Melee: Unarmed           ||    26
       Dagger            ||     8
       Broad axe         ||     1
       Punch             ||     1
 Cast: Freeze            ||    46
  Use: Scroll            ||     1
       Potion            ||     1
 Stab: Sleeping          ||     5
Armor: Robe              ||    16
Dodge: Dodged            ||    46

Table legend: (Time is in decaauts)
 A = Elapsed time spent in this place.
 B = Non-inter-level travel time spent in this place.
 C = Inter-level travel time spent in this place.
 D = Time resting spent in this place.
 E = Time spent auto-exploring this place.
 F = Levels seen in this place.
 G = Mean time per level.
                   A        B        C        D        E       F      G
               +--------+--------+--------+--------+--------+-----+--------+
         Total |   1816 |   1795 |     21 |      0 |   1574 |   2 |  908.0 |
       Dungeon |   1816 |   1795 |     21 |      0 |   1574 |   2 |  908.0 |
               +--------+--------+--------+--------+--------+-----+--------+

Top non-repeatable levels by time:
     D:1: 1798 daAuts
     D:2: 18 daAuts
